 Dungeon Crawl Stone Soup version 0.31-a0-1074-g0b22e4e0f1 (webtiles) character file.

Game seed: 15016698780897905505

54 Darius099 the Covered (level 3, -2/33 HPs)
             Began as a Minotaur Fighter on Dec 1, 2023.
             Slain by Sigmund
             ... wielding a +0 heavy scythe
              (16 damage)
             ... on level 2 of the Dungeon.
             The game lasted 00:01:30 (959 turns).

Darius099 the Covered (Minotaur Fighter)             Turns: 959, Time: 00:01:30

Health: -2/33      AC:  7    Str: 22    XL:     3   Next: 66%
Magic:  2/2        EV:  9    Int:  5    God:
Gold:   66         SH:  4    Dex:  9    Spells: 2/2 levels left

rFire   . . .        a - +0 war axe
rCold   . . .        c - +0 buckler
rNeg    . . .        b - +0 scale mail
rPois   .            (helmet restricted)
rElec   .            (no cloak)
rCorr   .            (no gloves)
SInv    .            (no boots)
Will    .....        (no amulet) Stlth
                     (no ring)
HPRegen 0.25/turn    (no ring)
MPRegen 0.08/turn

%: no passive effects
@: no status effects
A: horns 2, retaliatory headbutt
a: no special abilities


You were on level 2 of the Dungeon.
You visited 1 branch of the dungeon, and saw 2 of its levels.

You collected 66 gold pieces.

Inventory:

Hand Weapons
 a - a +0 war axe (weapon)
Armour
 b - a +0 scale mail (worn)
 c - a +0 buckler (worn)
Scrolls
 g - a scroll of teleportation {unknown}
 h - 3 scrolls of silence {unknown}
 i - a scroll of vulnerability {unknown}
 m - a scroll of revelation {unknown}
 n - a scroll of identify {unknown}
 o - a scroll of immolation {unknown}
 p - a scroll of poison {unknown}
Potions
 d - a potion of might
 e - 2 potions of brilliance {unknown}
 f - 3 potions of curing {unknown}
 j - a potion of heal wounds {unknown}
 k - 2 potions of invisibility {unknown}
 l - 3 potions of haste {unknown}
 q - a potion of enlightenment {unknown}


   Skills:
 + Level 4.2 Fighting
 + Level 3.2 Axes
 + Level 4.2 Armour
 + Level 4.2 Shields


You had 2 spell levels left.
You didn't know any spells.
Your spell library contained the following spells:

 Spells                   Type           Power      Damage    Failure   Level
 Cigotuvi's Dreadful Rot  Necr/Pois/Air  0%         N/A       94%         2
 Ignite Poison            Fire/Tmut/Pois 0%         N/A       99%         3
 Freezing Cloud           Conj/Ice/Air   0%         6-21      100%        5


Dungeon Overview and Level Annotations

Branches:
Dungeon (2/15)

Altars:

Annotations:
D:2 Sigmund


Innate Abilities, Weirdness & Mutations

You have a pair of horns on your head.
You reflexively headbutt those who attack you in melee.


Message History

You feel sick.
You feel sick.
You are no longer poisoned.
HP restored.
n - a scroll labelled SORAL JUDU
Found a stone staircase leading down.
o - a scroll labelled ADONUFIOBO
p - a scroll labelled ZODOHI XORCHIP
q - a fuming dark potion
There is a stone staircase leading down here.
e - 2 white potions (gained 1)
An endoplasm comes into view.
Found a stone staircase leading up.
The endoplasm quivers.
An endoplasm is nearby!
The endoplasm hits you.
You hit the endoplasm.
The endoplasm is almost dead.
The endoplasm hits you but does no damage.
You hit the endoplasm.
You kill the endoplasm!
No target in view!
No target in view!
Sigmund the Dreaded comes into view.
He is wielding a +0 heavy scythe.
Found a stone staircase leading down.
Sigmund casts a spell at you. You resist with significant effort.
You completely miss Sigmund. Sigmund casts a spell at you.
You are confused.
You are too confused!
You are too confused!
Sigmund closely misses you.
Sigmund hits you from afar with a +0 heavy scythe!!
Ouch! That really hurt!
You bump into the rock wall.
You feel less confused.
Sigmund hits you with a +0 heavy scythe!
You die...
Sigmund begins carving another notch in his scythe.

....##............
##...........<..#
....###........#
...............# #
....##.#..#....####.#
..#.#....#..##....#.####
..#.#...##.#####........
...............#........
................@.......
....>..........#@.......
.........#..####........
.............# #........
........................
.............##.........
.............# #...>....
.............# ####....#
............


You could see Sigmund.

Vanquished Creatures
  2 adders (D:2)
  2 dart slugs (D:1)
  4 ball pythons (D:1)
  9 endoplasms
  A giant cockroach (D:1)
  A hobgoblin (D:1)
  2 jackals (D:1)
  A kobold (D:1)
  2 quokkas (D:1)
  2 bats (D:1)
  A goblin (D:1)
  2 rats (D:1)
29 creatures vanquished.

Notes
Turn   | Place    | Note
-------+----------+-------------------------------------------
     0 | D:1      | Darius099 the Minotaur Fighter began the quest for the Orb.
     0 | D:1      | Reached XP level 1. HP: 19/19 MP: 0/0
    71 | D:1      | Reached XP level 2. HP: 27/27 MP: 1/1
   145 | D:1      | Found a faded altar of an unknown god.
   424 | D:1      | Reached XP level 3. HP: 33/33 MP: 2/2
   950 | D:2      | Noticed Sigmund
   959 | D:2      | Slain by Sigmund

Illustrated notes

Levels and vault maps discovered:
D:1:      dpeg_arrival_rhombus, layout_basic,
          hellmonk_ecumenical_altar_dog_temple, minmay_tiny_reverse_x
D:2:      layout_rooms, serial_shops, shop, fountainhead, minmay_tetromino_t4,
          uniq_sigmund, uniq_crazy_yiuf_cottage

Skill      XL: |  1  2 |
---------------+-------+-----
Fighting       | 4 |  4.2
Armour         | 4 |  4.2
Shields        | 4 |  4.2
Axes           | 3 |  3.2

Action                     || total
---------------------------++-------
  Melee: War axe           ||    55
         Headbutt          ||     6
 Armour: Scale mail        ||    37
  Dodge: Dodged            ||    27
  Block: Buckler           ||     7

Table legend: (Time is in decaauts)
 A = Elapsed time spent in this place.
 B = Non-inter-level travel time spent in this place.
 C = Inter-level travel time spent in this place.
 D = Time resting spent in this place.
 E = Time spent auto-exploring this place.
 F = Levels seen in this place.
 G = Mean time per level.
                   A        B        C        D        E       F      G
               +--------+--------+--------+--------+--------+-----+--------+
         Total |    979 |    920 |     59 |      0 |    738 |   2 |  489.5 |
       Dungeon |    979 |    920 |     59 |      0 |    738 |   2 |  489.5 |
               +--------+--------+--------+--------+--------+-----+--------+

Top non-repeatable levels by time:
     D:1: 828 daAuts
     D:2: 151 daAuts
